 Dungeon Crawl Stone Soup version 0.26-a0-652-gafc20e3620 (webtiles) character file.

Game seed: 3337089073520355750

4264 smeego the Slasher (level 10, -1/74 HPs)
             Began as an Octopode Fighter on Oct 3, 2020.
             Was an Initiate of Gozag.
             Slain by Grum
             ... wielding a -1 spear
              (17 damage)
             ... on level 8 of the Dungeon.
             The game lasted 00:14:20 (11866 turns).

smeego the Slasher (Octopode Fighter)              Turns: 11866, Time: 00:14:20

Health: -1/74      AC:  1    Str: 15    XL:     10   Next: 31%
Magic:  19/19      EV: 13    Int: 14    God:    Gozag
Gold:   196        SH:  9    Dex: 10    Spells: 9/9 levels left

rFire    + . .     SeeInvis +   E - +0 scimitar (curse)
rCold    . . .     Faith    .   b - +0 kite shield
rNeg     + . .     Spirit   .   (helmet restricted)
rPois    .         Reflect  .   (no amulet)
rElec    .         Harm     .   t - ring of flight
rCorr    .         Rampage  .   u - ring of magical power
MR       +....                  r - ring of see invisible
Stlth    ++++......             C - ring of protection from magic
HPRegen  0.22/turn              J - ring of positive energy
MPRegen  0.16/turn              (no ring)
                                (no ring)
                                (no ring)

@: hasted, very quick
A: almost no armour, stealthy swim, amphibious, 8 rings, constrict 8, camouflage
1, clumsy 1, fire resistance 1, robust 1, gelatinous body 1
a: Potion Petition, Call Merchant, Bribe Branch, Renounce Religion, Evoke Flight


You were on level 8 of the Dungeon.
You worshipped Gozag.
Gozag was aware of your devotion.
You visited 1 branch of the dungeon, and saw 8 of its levels.
You also visited: Ossuary.

You collected 1357 gold pieces.
You spent 225 gold pieces at shops.
You paid 936 gold pieces to Gozag.

Inventory:

Hand Weapons
 a - a +0 long sword
 c - a +1 long sword
 o - a +0 dagger
 D - a +0 falchion of holy wrath
 E - a cursed +0 scimitar (weapon)
 I - a +0 giant club
 L - a +3 dagger
Missiles
 d - 70 sling bullets
 k - 163 stones
 n - 2 poisoned darts (quivered)
 K - 3 throwing nets
Armour
 b - a +0 kite shield (worn)
Magical Staves
 F - an uncursed staff of earth {unknown}
Jewellery
 e - an uncursed amulet of regeneration
 r - a ring of see invisible (on tentacle)
 t - a ring of flight (left tentacle)
 u - a ring of magical power (right tentacle)
 y - the ring of Buicra {*Contam rN+++ Str+4 Dex+3 Stlth-}
   (You found it on level 6 of the Dungeon)

   [ring of attention]

   It affects your strength (+4).
   It affects your dexterity (+3).
   It renders you almost immune to negative energy.
   It causes magical contamination when unequipped.
   It makes you less stealthy.
 C - a ring of protection from magic (on tentacle)
 J - a ring of positive energy (on tentacle)
Scrolls
 h - 6 scrolls of amnesia
 i - 2 scrolls of teleportation
 j - 4 scrolls of enchant weapon {unknown}
 l - a scroll of immolation {unknown}
 m - 2 scrolls of remove curse
 p - 2 scrolls of blinking {unknown}
 w - 2 scrolls of enchant armour {unknown}
 x - a scroll of fog {unknown}
 z - a scroll of magic mapping {unknown}
 G - a scroll of fear
 H - 2 scrolls of identify
Potions
 g - 4 potions of curing
 q - 2 potions of flight
 s - 3 potions of brilliance
 v - a potion of stabbing
 A - 3 potions of ambrosia
 M - a potion of resistance


   Skills:
 + Level 5.7 Fighting
 * Level 7.4 Long Blades
 + Level 4.5 Throwing
 + Level 5.8 Dodging
 + Level 7.0 Stealth
 + Level 5.8 Shields
 + Level 4.7 Unarmed Combat
 + Level 4.4 Evocations


You had 9 spell levels left.
You didn't know any spells.
Your spell library contained the following spells:

 Spells                   Type           Power        Failure   Level
 Corpse Rot               Necr/Air       N/A          80%         2
 Stone Arrow              Conj/Erth      #.....       95%         3
 Summon Forest            Summ/Tloc      #.........   100%        5
 Eringya's Noxious Bog    Tmut/Pois      #.........   100%        6
 Hydra Form               Tmut           #.........   100%        6
 Summon Hydra             Summ           #.........   100%        7


Dungeon Overview and Level Annotations

Branches:
Dungeon (8/15)             Temple (0/1) D:7         Ossuary (visited)
   Lair: D:8-11

Altars:
Ashenzari
Elyvilon
Gozag
Hepliaklqana
Makhleb
Qazlal
Uskayaw
Vehumet
Xom
Zin
The Shining One

Shops:
D:5 ((=   D:8 **(

Annotations:
D:8 Grum


Innate Abilities, Weirdness & Mutations

You cannot wear most types of armour.
You are very stealthy in the water. (Stealth+)
You are amphibious.
You can wear up to eight rings at the same time.
You can use your tentacles to constrict eight enemies at once.
Your skin changes colour to match your surroundings (Stealth+).
Your rubbery body absorbs attacks. (AC +1, EV +1)
You are clumsy. (Dex -2)
Your flesh is heat resistant. (rF+)
You are robust. (+10% HP)


Message History

Grum hits you with a -1 spear.
You hit Grum but do no damage. Your grab misses Grum.
Your tentacle-slap misses Grum.
You squeeze Grum.
Grum is moderately wounded.
The wolf barely misses you.
You riposte.
You closely miss the wolf. You grab the wolf. You squeeze the wolf.
The wolf is severely wounded.
You block Grum's attack. The wolf bites you!
You hit Grum. Your grab misses Grum.
Grum is moderately wounded.
You constrict the wolf. The wolf closely misses you.
Grum hits you with a -1 spear!
* * * LOW HITPOINT WARNING * * *
The wolf misses you.
Unknown command.
Okay, then.
You feel yourself speed up.
You constrict the wolf. You block the wolf's attack.
Grum hits you with a -1 spear!
You die...
Your body crumbles into a pile of gold.

#######....#
##..##...##.######
#...#.....#..##<.###
##........##........###
.......##..>..........#
...#.................##
..##..#....>........#####
..###.#.........h.......##
..###....#..#)..@g.......#
..#.....#######.##......####
........#####....#.........#
#..........................#
##........(..........#..##...
#...#..#.....).......#...# .
#..###.....##.......###..#
#.###......###......###.......
#####.....>#
##........(....... #


You could see Grum (very poisoned) and a wolf.

Vanquished Creatures
  Harold (D:7)
  Grinder (D:3)
  A hornet (D:8)
  A hippogriff (D:5)
  A hornet zombie (D:7)
  2 ice beasts
  An orc warrior (D:7)
  A sky beast (D:5)
  3 ogres
  3 wolves
  2 bullfrogs
  3 killer bees (D:8)
  11 wights
  A bullfrog zombie (D:5)
  A centaur zombie (D:6)
  A jelly (D:5)
  A centaur skeleton (D:7)
  2 gnoll shamans (D:6)
  6 orc priests
  2 bullfrog skeletons
  3 hounds (D:7)
  3 iron imps (D:6)
  An iguana (D:6)
  2 orc wizards
  5 worker ants
  3 killer bee zombies
  8 mummies (Ossuary)
  10 gnolls
  11 adders
  A shadow imp (D:7)
  2 white imps (D:7)
  An ufetubus (D:5)
  3 oozes
  An adder zombie (D:5)
  An adder skeleton (D:6)
  2 worms
  A dart slug (D:3)
  7 leopard geckos
  14 orcs
  4 ball pythons
  13 bats
  6 giant cockroaches
  2 gnoll zombies (Ossuary)
  6 goblins
  10 hobgoblins
  15 jackals
  4 quokkas
  7 frilled lizards
  A hobgoblin zombie (Ossuary)
  9 kobolds
  2 kobold zombies (Ossuary)
  A leopard gecko skeleton (D:5)
  A leopard gecko zombie (D:7)
  3 orc zombies (Ossuary)
  6 rats
214 creatures vanquished.

Vanquished Creatures (others)
  A centaur (D:5)
  A wight (D:6)
  A gnoll (D:6)
  A leopard gecko (D:5)
  An orc (D:5)
  A leopard gecko skeleton (D:5)
  A quokka skeleton (D:5)
  2 plants (D:6)
9 creatures vanquished.

Grand Total: 223 creatures vanquished

Notes
Turn   | Place    | Note
-------+----------+-------------------------------------------
     0 | D:1      | smeego the Octopode Fighter began the quest for the Orb.
     0 | D:1      | Reached XP level 1. HP: 16/16 MP: 1/1
    82 | D:1      | Reached XP level 2. HP: 12/21 MP: 2/2
   829 | D:1      | Reached XP level 3. HP: 21/26 MP: 3/3
   830 | D:1      | Reached skill level 1 in Stealth
  1449 | D:2      | Found a broken altar of Ashenzari.
  1498 | D:2      | Found a hazy altar of Hepliaklqana.
  1765 | D:2      | Reached skill level 1 in Unarmed Combat
  1765 | D:2      | Reached XP level 4. HP: 27/31 MP: 4/4
  1967 | D:2      | Found a glowing golden altar of the Shining One.
  2019 | D:2      | Found a stormy altar of Qazlal.
  2212 | D:2      | Reached skill level 1 in Throwing
  2212 | D:2      | Reached XP level 5. HP: 36/36 MP: 5/5
  2904 | D:3      | Noticed Grinder
  3312 | D:3      | Killed Grinder
  3312 | D:3      | Reached XP level 6. HP: 20/43 MP: 6/6
  4581 | D:4      | Found a sand-covered staircase.
  4586 | Ossuary  | Entered an ossuary
  4883 | Ossuary  | Reached XP level 7. HP: 47/47 MP: 7/7
  5457 | D:5      | Entered Level 5 of the Dungeon
  5464 | D:5      | Found Ibowomack's Jewellery Emporium.
  5609 | D:5      | Found an opulent altar of Gozag.
  5669 | D:5      | Became a worshipper of Gozag Ym Sagoz the Greedy
  5685 | D:5      | Reached skill level 1 in Evocations
  6020 | D:5      | Reached XP level 8. HP: 17/54 MP: 8/8
  6603 | D:5      | Noticed a hippogriff
  6631 | D:5      | Noticed a +0 hand axe
  6632 | D:5      | Found a hide-covered altar of Uskayaw.
  6632 | D:5      | Noticed a +0 dagger
  6642 | D:5      | Found Oxtireh's Antique Weapon Shoppe.
  6649 | D:5      | Killed a hippogriff
  6649 | D:5      | Reached skill level 5 in Long Blades
  6895 | D:5      | Found a shimmering altar of Xom.
  6959 | D:5      | Found Xeded's Weapon Shop.
  7049 | D:5      | Bought an uncursed ring of see invisible for 225 gold
                  | pieces
  7053 | D:5      | Gained mutation: You are clumsy. (Dex -2) [potion of
                  | mutation]
  7053 | D:5      | Lost mutation: You are clumsy. (Dex -2) [potion of
                  | mutation]
  7053 | D:5      | Gained mutation: You are clumsy. (Dex -2) [potion of
                  | mutation]
  7053 | D:5      | Gained mutation: You are partially covered in thin metallic
                  | scales. (AC +2) [potion of mutation]
  7207 | D:6      | Got a crude iron ring
  7217 | D:6      | Found a white marble altar of Elyvilon.
  7218 | D:6      | Found a radiant altar of Vehumet.
  7362 | D:6      | Reached skill level 5 in Stealth
  7482 | D:6      | Reached XP level 9. HP: 43/59 MP: 9/9
  8354 | D:6      | Found a burning altar of Makhleb.
  8376 | D:6      | Reached skill level 5 in Dodging
  8911 | D:7      | Reached skill level 5 in Shields
  8996 | D:7      | Found a glowing silver altar of Zin.
  8999 | D:7      | Reached skill level 5 in Fighting
  9421 | D:7      | Identified the ring of Buicra {*Contam rN+++ Str+4 Dex+3
                  | Stlth-} (You found it on level 6 of the Dungeon)
  9581 | D:7      | Found a staircase to the Ecumenical Temple.
  9653 | D:7      | Noticed Harold
  9698 | D:7      | Killed Harold
  9698 | D:7      | Reached XP level 10. HP: 35/66 MP: 10/10
 10416 | D:8      | Found Rofadeh's Weapon Shop.
 10492 | D:8      | Found Efisocko's Assorted Antiques.
 10493 | D:8      | Noticed Grum
 10494 | D:8      | Found Wosatuim's General Store.
 11477 | D:8      | Lost mutation: You are partially covered in thin metallic
                  | scales. (AC +2) [potion of mutation]
 11477 | D:8      | Gained mutation: Your flesh is heat resistant. (rF+)
                  | [potion of mutation]
 11477 | D:8      | Gained mutation: You are robust. (+10% HP) [potion of
                  | mutation]
 11866 | D:8      | Slain by Grum

Illustrated notes

Levels and vault maps discovered:
D:1:      shiori_shiawase, layout_basic, st_stairs_13, minivault_5,
          minmay_tromino_i2
D:2:      layout_basic, ashenzari_altar_1, old_standard_altar,
          nicolae_tso_swordbearing_angel, wad_floor_pattern_untrapped,
          nicolae_qazlal_general_emergency
D:3:      layout_basic, corner_web_ring, minmay_misc_feat_encased, uniq_grinder
D:4:      layout_loops_ring, nicolae_ossuary_entry_false_entrances,
          hangedman_decor_growths
D:5:      layout_rooms, xom_confusion_cloud, kennysheep_mini_moat,
          dancing_weapons_uskayaw, serial_shops, shop_fountains, shop,
          kennysheep_mini
D:6:      cheibrodos_two_vegetables, layout_rooms, lemuel_crystal_altar,
          demons_altar, nicolae_overflow_hidden_temple, fiery_altar_vehumet
D:7:      layout_loops_cross, lemuel_round_altar,
          minmay_temple_entry_antechambers, kennysheep_generic_room_11,
          uniq_harold
D:8:      layout_cave_pools, slow_altar_2, serial_shops, shop,
          nicolae_shop_behind_doors, nicolae_shop_statue_plus, shop,
          minmay_misc_feat_cross, uniq_grum

Skill      XL: |  1  2  3  4  5  6  7  8  9 10 |
---------------+-------------------------------+-----
Stealth        | 1 2 3 4 5 6 7 |  7.0
Unarmed Combat | 1 2 3 4 |  4.7
Long Blades    | 3 4 5 7 |  7.4
Throwing       | 1 2 3 4 |  4.5
Evocations     | 1 2 4 |  4.4
Dodging        | 4 5 |  5.8
Shields        | 4 5 |  5.8
Fighting       | 4 5 |  5.7

Action                   |  1- 3 |  4- 6 |  7- 9 | 10-12 || total
-------------------------+-------+-------+-------+-------++-------
Melee: Long sword        |    76 |   105 |   117 |       ||   298
       Constrict         |    25 |    39 |    65 |    17 ||   146
       Tentacles         |    12 |    29 |    71 |    17 ||   129
       Punch             |       |     2 |     7 |     5 ||    14
       Unarmed           |       |       |    26 |       ||    26
       Dagger            |       |       |     2 |       ||     2
       Falchion          |       |       |    19 |       ||    19
       Scimitar          |       |       |   123 |    73 ||   196
Throw: Dart              |       |       |    23 |     6 ||    29
       Stone             |       |       |     5 |       ||     5
Invok: Potion Petition   |       |       |     1 |       ||     1
  Use: Scroll            |       |     6 |    10 |       ||    16
       Potion            |       |       |     9 |     5 ||    14
 Stab: Sleeping          |    10 |     7 |    10 |     4 ||    31
       Distracted        |       |       |       |     1 ||     1
Armor: Skin              |    13 |    14 |    47 |     7 ||    81
Dodge: Dodged            |    45 |    49 |   110 |    48 ||   252
Block: Kite shield       |    41 |    62 |   134 |    42 ||   279
       Rpst.: Long sword |    16 |    16 |     9 |       ||    41
       Falchion          |       |       |     4 |       ||     4
       Scimitar          |       |       |    15 |    18 ||    33

Table legend: (Time is in decaauts)
 A = Elapsed time spent in this place.
 B = Non-inter-level travel time spent in this place.
 C = Inter-level travel time spent in this place.
 D = Time resting spent in this place.
 E = Time spent auto-exploring this place.
 F = Levels seen in this place.
 G = Mean time per level.
                   A        B        C        D        E       F      G
               +--------+--------+--------+--------+--------+-----+--------+
         Total |  11953 |  11260 |    693 |   3501 |   5774 |   9 | 1328.1 |
       Dungeon |  11363 |  10670 |    693 |   3246 |   5538 |   8 | 1420.4 |
       Ossuary |    590 |    590 |      0 |    255 |    236 |   1 |  590.0 |
               +--------+--------+--------+--------+--------+-----+--------+

Top non-repeatable levels by time:
     D:7: 1966 daAuts
     D:5: 1711 daAuts
     D:6: 1686 daAuts
     D:1: 1470 daAuts
     D:2: 1356 daAuts
     D:3: 1297 daAuts
     D:8: 1037 daAuts
     D:4: 835 daAuts
 Ossuary: 590 daAuts
